Map: Écho EC

Players

AgCl - Winner!

  • Race: Protoss Protoss

Qzalik

  • Race: Zerg Zerg

VOD

Have the link to the VOD?

Description

Time

  • Played on: May 6, 2015, 9:31 p.m.
  • Length: 20:12
Show
View Real Time Build Order
Export as new Build Order

AgCl Protoss - Winner!

Build Orders: Forge Fast Expand (FFE) 

Get SALT Encoding   

  12  0:26  Pylon  
  12  0:43  Probe  
  13  0:55  Probe, Forge  
  14  1:07  Probe  
  15  1:11  Pylon  
  15  1:19  Probe  
  16  1:36  Photon Cannon  
  16  1:37  Nexus  
  16  1:42  Probe  
  17  1:54  Probe  
  17  1:57  Photon Cannon  
  18  2:10  Gateway  
  18  2:18  Photon Cannon  
  18  2:23  Pylon  
  18  2:30  Probe (Chrono Boost)  
  19  2:41  Probe (Chrono Boost)  
  20  2:49  Probe (Chrono Boost)  
  22  2:51  Probe (Chrono Boost)  
  23  2:59  Probe (Chrono Boost)  
  23  3:00  Photon Cannon  
  23  3:02  Probe (Chrono Boost)  
  24  3:06  Probe (Chrono Boost)  
  24  3:08  Cybernetics Core  
  24  3:10  Pylon  
  26  3:18  Probe x2 (Chrono Boost)  
  27  3:22  Assimilator  
  27  3:24  Probe (Chrono Boost)  
  28  3:29  Probe (Chrono Boost)  
  29  3:41  Probe x2 (Chrono Boost)  
  31  3:44  Pylon  
  32  3:50  Probe x2 (Chrono Boost)  
  33  3:57  Assimilator  
  33  4:00  Probe (Chrono Boost)  
  35  4:05  Probe (Chrono Boost)  
  35  4:08  Probe (Chrono Boost)  
  36  4:12  Probe  
  36  4:14  Gateway  
  36  4:16  Photon Cannon  
  37  4:18  Probe (Chrono Boost)  
  37  4:24  Probe (Chrono Boost)  
  42  4:35  Probe (Chrono Boost)  
  42  4:36  Mothership Core (Chrono Boost)  
  42  4:37  Adept (Chrono Boost)  
  44  4:43  Assimilator  
  44  4:45  Assimilator  
  45  4:47  Probe (Chrono Boost)  
  45  4:48  Probe (Chrono Boost)  
  46  4:53  Probe  
  46  4:57  Probe  
  46  4:59  Pylon  
  48  5:00  Warp Gate  
  48  5:08  Probe (Chrono Boost)  
  48  5:11  Probe (Chrono Boost), Stargate  
  50  5:18  Probe (Chrono Boost), Protoss Ground Weapons Level 1 (Chrono Boost)  
  50  5:21  Probe (Chrono Boost)  
  52  5:25  Probe (Chrono Boost)  
  52  5:28  Probe  
  54  5:40  Probe  
  54  5:42  Probe  
  54  5:44  Stargate  
  54  5:54  Pylon  
  54  5:55  Oracle (Chrono Boost)  
  57  6:13  Pylon  
  57  6:15  Fleet Beacon  
  57  6:17  Probe  
  58  6:19  Probe  
  58  6:22  Pylon  
  58  6:24  Pylon, Photon Cannon  
  59  6:27  Photon Cannon  
  59  6:30  Gateway  
  59  6:31  Gateway  
  59  6:32  Gateway, Probe  
  60  6:37  Void Ray (Chrono Boost)  
  68  6:40  Void Ray (Chrono Boost)  
  68  6:42  Probe  
  68  6:46  Gateway  
  69  6:47  Gateway  
  69  6:49  Probe  
  69  6:51  Pylon  
  70  6:54  Probe  
  71  7:03  Carrier (Chrono Boost)  
  71  7:06  Nexus  
  71  7:10  Pylon  
  71  7:14  Probe  
  72  7:20  Protoss Air Weapons Level 1  
  78  7:23  Graviton Catapult (Chrono Boost)  
  78  7:32  Carrier (Chrono Boost)  
  78  7:42  Probe  
  79  7:44  Probe  
  86  7:54  Probe  
  86  7:56  Probe  
  88  8:02  Gateway  
  88  8:08  Pylon  
  88  8:12  Probe  
  89  8:15  Carrier (Chrono Boost)  
  90  8:32  Probe (Chrono Boost)  
  90  8:34  Pylon  
  90  8:36  Photon Cannon  
  90  8:37  Pylon  
  90  8:41  Probe  
  97  8:45  Probe  
  98  8:49  Assimilator  
  98  8:51  Assimilator  
  98  8:53  Pylon  
  98  8:58  Stalker x3  
  98  8:59  Stalker  
  106  9:12  Protoss Shields Level 1 (Chrono Boost)  
  106  9:15  Protoss Air Weapons Level 2 (Chrono Boost)  
  106  9:16  Twilight Council  
  106  9:20  Pylon  
  106  9:21  Gateway  
  106  9:25  Gateway  
  106  9:28  Photon Cannon  
  106  9:29  Photon Cannon  
  106  9:31  Gateway  
  106  9:36  Gateway  
  106  9:47  Carrier (Chrono Boost)  
  106  9:49  Carrier (Chrono Boost)  
  106  9:50  Nexus  
  106  9:52  Pylon  
  115  10:18  Templar Archives  
  115  10:21  Pylon  
  115  10:23  Photon Cannon  
  115  10:26  Forge  
  115  10:27  Dark Shrine  
  115  10:38  Psionic Storm  
  115  10:39  Charge  
  115  10:42  Gateway  
  115  10:43  Assimilator  
  115  10:49  Pylon  
  115  10:50  Assimilator  
  115  10:58  Protoss Ground Weapons Level 2 (Chrono Boost)  
  115  11:08  Probe  
  116  11:13  Probe  
  116  11:14  Photon Cannon  
  117  11:23  Protoss Air Weapons Level 3 (Chrono Boost)  
  113  11:35  High Templar x2  
  117  11:48  High Templar  
  117  11:49  High Templar  
  117  11:51  Zealot x3  
  117  11:52  Zealot  
  117  11:54  Zealot x2  
  133  12:01  Gateway  
  133  12:08  Photon Cannon  
  133  12:13  Dark Templar  
  135  12:30  Carrier x2 (Chrono Boost)  
  135  12:34  Protoss Shields Level 2 (Chrono Boost)  
  147  13:02  Cybernetics Core  
  147  13:03  Pylon  
  147  13:05  Stargate  
  147  13:07  Robotics Facility  
  147  13:11  Pylon  
  147  13:15  Pylon  
  147  13:25  Gateway  
  147  13:27  Gateway  
  147  13:28  Photon Cannon  
  147  13:29  Pylon  
  147  13:34  Carrier (Chrono Boost)  
  147  13:39  Zealot  
  149  13:45  Protoss Air Armor Level 1 (Chrono Boost)  
  149  13:48  Protoss Ground Weapons Level 3 (Chrono Boost)  
  149  13:55  Phoenix (Chrono Boost)  
  157  13:58  Carrier (Chrono Boost)  
  161  14:38  Carrier (Chrono Boost)  
  161  14:39  Nexus  
  161  14:41  Dark Templar  
  161  14:42  Dark Templar x3  
  162  15:06  Observer (Chrono Boost)  
  163  15:12  Protoss Ground Armor Level 1 (Chrono Boost)  
  169  15:20  Observer (Chrono Boost)  
  170  15:34  Carrier (Chrono Boost)  
  170  15:37  Nexus  
  170  15:41  Pylon  
  170  15:42  Protoss Air Armor Level 2  
  170  15:43  Pylon  
  170  15:48  Warp Prism  
  178  15:54  Robotics Bay  
  178  16:04  Carrier (Chrono Boost)  
  178  16:05  Carrier (Chrono Boost)  
  178  16:11  Protoss Shields Level 3 (Chrono Boost)  
  176  16:34  Assimilator  
  176  16:40  Photon Cannon, Assimilator  
  176  16:42  Pylon  
  176  16:54  Observer Gravitic Boosters (Chrono Boost)  
  176  17:13  Stalker x2, Zealot  
  176  17:14  Zealot x4  
  176  17:15  Zealot x4  
  198  17:29  Zealot x2  
  194  17:30  Zealot  
  194  17:34  Zealot x2  
  186  17:44  Gravitic Drive  
  186  17:48  Carrier x3  
  176  18:00  Zealot  
  176  18:01  Zealot x2  
  192  19:00  Pylon  
  192  19:01  Photon Cannon  
  192  19:03  Photon Cannon  
  192  19:04  Photon Cannon  
  192  20:06  Zealot  
  192  20:07  Zealot x3  
Show
View Real Time Build Order
Export as new Build Order

Qzalik Zerg 

Build Orders: Hatch First 

Get SALT Encoding   

  12  0:02  Drone  
  13  0:12  Drone  
  14  0:18  Extractor  
  14  0:20  Drone, Extractor  
  14  0:21  Drone  
  14  0:27  Overlord  
  16  0:51  Hatchery  
  16  0:54  Drone  
  16  1:09  Spawning Pool  
  15  1:13  Extractor  
  15  1:15  Drone  
  15  1:18  Drone  
  15  1:21  Drone  
  17  1:29  Drone  
  18  1:37  Drone  
  19  1:50  Overlord  
  19  2:09  Queen  
  19  2:10  Drone  
  22  2:20  Roach Warren, Drone x2  
  22  2:21  Drone  
  24  2:24  Spine Crawler  
  24  2:29  Spine Crawler  
  22  2:39  Spine Crawler  
  22  3:10  Hatchery  
  21  3:15  Queen  
  23  3:20  Roach  
  23  3:21  Roach x2  
  29  3:56  Spine Crawler  
  28  4:16  Lair  
  28  4:20  Extractor  
  28  4:22  Drone, Queen  
  30  4:28  Roach x2  
  30  4:29  Overlord x3, Roach  
  36  5:01  Roach x2  
  36  5:02  Roach x3  
  46  5:11  Spine Crawler, Roach x2  
  49  5:19  Drone  
  50  5:29  Roach  
  50  5:46  Drone x2  
  50  5:47  Spore Crawler, Drone x3  
  54  5:53  Drone x2  
  46  6:26  Hatchery, Spore Crawler  
  46  6:27  Spine Crawler  
  43  6:33  Queen  
  45  7:08  Overseer  
  45  7:28  Spore Crawler  
  44  7:51  Spore Crawler  
  43  7:53  Roach  
  43  7:54  Overlord, Roach x8  
  43  7:55  Overlord, Roach x2  
  65  7:59  Overlord  
  65  8:33  Drone  
  65  8:34  Drone x6  
  66  8:48  Hydralisk Den  
  53  9:04  Burrow  
  53  9:07  Glial Reconstitution  
  43  9:14  Extractor  
  43  9:15  Drone x4  
  43  9:16  Drone x2, Extractor  
  47  9:20  Drone x5  
  52  9:25  Spore Crawler  
  52  9:29  Spore Crawler  
  50  9:35  Spore Crawler  
  48  10:03  Hydralisk x3  
  48  10:04  Hydralisk x4  
  62  10:09  Drone x3  
  64  10:39  Drone x5  
  64  10:40  Hydralisk x6  
  64  10:41  Hydralisk  
  78  10:46  Drone x2  
  79  11:37  Hatchery  
  78  11:54  Drone, Muscular Augments  
  78  11:58  Hatchery  
  78  11:59  Evolution Chamber  
  76  12:03  Evolution Chamber  
  74  12:14  Hydralisk  
  76  12:17  Overlord x6  
  76  12:26  Zerg Missile Weapons Level 1  
  76  12:31  Hydralisk x10  
  76  12:32  Hydralisk x5  
  76  12:36  Roach x6  
  76  12:43  Overseer x2  
  76  13:10  Hydralisk x4  
  76  13:11  Hydralisk x2  
  88  13:13  Zergling x22  
  88  13:14  Zergling x22  
  110  13:51  Overseer x2  
  110  13:54  Queen  
  110  13:55  Drone x3  
  115  13:59  Roach x6  
  127  14:07  Overlord  
  127  14:52  Hydralisk x9  
  127  14:53  Hydralisk x6  
  127  14:57  Roach x6  
  108  15:07  Hydralisk x8  
  108  15:08  Hydralisk x2  
  108  15:09  Overlord x2  
  108  15:12  Overlord  
  124  15:54  Lurker Den  
  124  15:57  Drone x3  
  124  16:04  Zerg Ground Armor Level 1, Roach x5, Hydralisk x9  
  127  16:05  Hydralisk x14  
  127  16:09  Roach x11  
  125  16:19  Hatchery  
  124  16:29  Queen  
  124  16:30  Drone x3  
  124  16:31  Drone x3  
  132  16:59  Spore Crawler  
  131  17:06  Roach x3  
  131  17:07  Roach x8  
  133  17:39  Queen  
  133  17:42  Drone x4  
  133  17:43  Drone  
  138  17:49  Infestation Pit  
  130  18:09  Hydralisk  
  130  18:10  Hydralisk x4  
  140  18:19  Spine Crawler  
  139  18:25  Spore Crawler x2  
  137  18:27  Spore Crawler  
  73  20:08  Hatchery  
  73  20:10  Hatchery  
Tags
 
Add a new tag
Caveats
  • Supply blocks, unpowered buildings, or Contaminate may cause inaccurate times.
  • Supply counts are checked every 10 seconds.